 Dungeon Crawl Stone Soup version 0.30-a0-439-g9e77e4d916 (webtiles) character file.

Game seed: 11901314145820322504

226 AigisTheKnight the Digger (level 6, 0/36 HPs)
             Began as a Gargoyle Earth Elementalist on Dec 11, 2022.
             Killed from afar by Ijyb (8 damage)
             ... with a puff of flame
             ... on level 3 of the Dungeon.
             The game lasted 00:03:56 (2866 turns).

AigisTheKnight the Digger (GrEE)                    Turns: 2866, Time: 00:03:57

Health: 0/36       AC:  7    Str: 11    XL:     6   Next: 1%
Magic:  6/10       EV: 11    Int: 18    God:
Gold:   73         SH:  0    Dex: 10    Spells: 10/11 levels left

rFire   . . .      SeeInvis .    i - +0 short sword (venom)
rCold   . . .      Faith    .    (no shield)
rNeg    + . .      Spirit   .    a - +0 robe
rPois   ∞          Reflect  .    (no helmet)
rElec   +          Harm     .    (no cloak)
rCorr   .          Rampage  .    e - +0 pair of gloves
Will    .....                    (no boots)
Stlth   ++........               (no amulet)
HPRegen 0.26/turn                (no ring)
MPRegen 0.12/turn                (no ring)

@: very slightly contaminated
A: sickness immunity, AC +4, negative energy resistance 1, electricity
resistance, torment resistance 1, petrification resistance
a: no special abilities


You were on level 3 of the Dungeon.
You visited 1 branch of the dungeon, and saw 3 of its levels.

You collected 73 gold pieces.

Inventory:

Hand Weapons
 h - a +1 dagger of freezing
 i - a +0 short sword of venom (weapon)
Armour
 a - a +0 robe (worn)
 e - a +0 pair of gloves (worn)
Wands
 l - a wand of roots (8)
Scrolls
 d - a scroll of silence {unknown}
 f - a scroll of poison {unknown}
 g - 2 scrolls of identify {unknown}
 k - a scroll of brand weapon {unknown}
 o - a scroll of amnesia {unknown}
 p - a scroll of fog {unknown}
Potions
 b - a potion of magic
 c - a potion of cancellation {unknown}
 j - 2 potions of degeneration {unknown}
 m - 2 potions of curing {unknown}
 n - a potion of might {unknown}


   Skills:
 + Level 2.8 Fighting
 - Level 1.5 Dodging
 - Level 2.1 Stealth
 + Level 3.2 Spellcasting
 + Level 2.8 Conjurations
 - Level 0.7 Transmutations
 + Level 5.0 Earth Magic


You had 10 spell levels left.
You knew the following spells:

 Your Spells              Type           Power      Damage    Failure   Level
a - Sandblast             Erth           42%        2d11      1%          1

Your spell library contained the following spells:

 Spells                   Type           Power      Damage    Failure   Level
 Passwall                 Tmut/Erth      10%        N/A       8%          2
 Stone Arrow              Conj/Erth      32%        3d9       10%         3
 Petrify                  Tmut/Erth      13%        N/A       43%         4


Dungeon Overview and Level Annotations

Branches:
Dungeon (3/15)

Altars:
Makhleb
Nemelex Xobeh

Annotations:
D:2 1 runed translucent door, Crazy Yiuf
D:3 Ijyb


Innate Abilities, Weirdness & Mutations

You are immune to sickness and miasma.
Your stone body is resilient. (AC +4)
You are immune to poison.
You resist negative energy. (rN+)
You are resistant to electric shocks. (rElec)
You are resistant to unholy torment.
You are immune to petrification.


Message History

Ijyb hits you with a +7 dagger of venom.
You closely miss Ijyb.
Ijyb hits you with a +7 dagger of venom.
You hit Ijyb but do no damage.
Ijyb looks as sick as possible!
Ijyb hits you with a +7 dagger of venom.
Casting: Sandblast (safe; 1% risk of failure)
Confirm with . or Enter, or press ? or * to list all spells.
Aiming: Sandblast (safe; 1% risk of failure)
Press: ? - help, Shift-Dir - straight line, f - Ijyb
Aim: Ijyb, wielding a +7 dagger of venom, wearing a +0 chain mail and carrying a wand of flame (14) (lightly wounded, extremely poisoned, 83% to hit)
The blast of sand hits Ijyb.
Ijyb is moderately wounded.
Ijyb zaps a wand.
The puff of flame hits you!
Casting: Sandblast (safe; 1% risk of failure)
Confirm with . or Enter, or press ? or * to list all spells.
Aiming: Sandblast (safe; 1% risk of failure)
Press: ? - help, Shift-Dir - straight line, f/p - Ijyb
Aim: Ijyb, wielding a +7 dagger of venom, wearing a +0 chain mail and carrying a wand of flame (13) (moderately wounded, extremely poisoned, 83% to hit)
You miscast Sandblast.
You are very lightly contaminated with residual magic.
Nothing appears to happen.
Ijyb hits you with a +7 dagger of venom.
* * * LOW HITPOINT WARNING * * *
Casting: Sandblast (safe; 1% risk of failure)
Confirm with . or Enter, or press ? or * to list all spells.
Aiming: Sandblast (safe; 1% risk of failure)
Press: ? - help, Shift-Dir - straight line, f/p - Ijyb
Aim: Ijyb, wielding a +7 dagger of venom, wearing a +0 chain mail and carrying a wand of flame (13) (heavily wounded, very poisoned, 83% to hit)
The blast of sand hits Ijyb but does no damage.
Ijyb is heavily wounded.
Ijyb barely misses you. Ijyb closely misses you.
Casting: Sandblast (safe; 1% risk of failure)
Confirm with . or Enter, or press ? or * to list all spells.
Aiming: Sandblast (safe; 1% risk of failure)
Press: ? - help, Shift-Dir - straight line, f/p - Ijyb
Aim: Ijyb, wielding a +7 dagger of venom, wearing a +0 chain mail and carrying a wand of flame (13) (heavily wounded, very poisoned, 83% to hit)
The blast of sand hits Ijyb.
Ijyb is heavily wounded.
Ijyb zaps a wand.
The puff of flame hits you!
You die...

#.#....# #..........
#.#..#####...##..<##
#.#.................
#.##.#####..........
#.##.#######..###...
#.#......)..........
#...................
###..########.####.#
#@.# #.# #.# #g.#
#.# #..
#..########.######
.(............####
.##########.......
#? ##..#### #. #..#
# #. #..# # #..# #


You could see Ijyb (very poisoned).

Vanquished Creatures
  An orc priest (D:3)
  Terence (D:3)
  Robin (D:2)
  4 gnolls
  4 adders
  A dart slug (D:3)
  6 orcs (D:3)
  3 ball pythons
  7 endoplasms
  A giant cockroach (D:1)
  16 goblins
  6 jackals (D:3)
  2 quokkas
  7 bats
  5 frilled lizards
  7 kobolds
  6 rats
78 creatures vanquished.

Notes
Turn   | Place    | Note
-------+----------+-------------------------------------------
     0 | D:1      | AigisTheKnight the Gargoyle Earth Elementalist began the
                  | quest for the Orb.
     0 | D:1      | Reached XP level 1. HP: 10/10 MP: 3/3
   227 | D:1      | Reached XP level 2. HP: 15/16 MP: 0/5
   282 | D:1      | Found a faded altar of an unknown god.
   560 | D:1      | Reached skill level 1 in Conjurations
   605 | D:1      | Reached skill level 1 in Fighting
   782 | D:1      | Reached skill level 4 in Earth Magic
   944 | D:2      | Reached XP level 3. HP: 12/20 MP: 6/6
  1183 | D:2      | Found a runed translucent door.
  1184 | D:2      | Noticed Crazy Yiuf
  1322 | D:2      | Reached XP level 4. HP: 24/26 MP: 7/7
  1575 | D:2      | Noticed Robin
  1592 | D:2      | Killed Robin
  1628 | D:2      | Reached XP level 5. HP: 11/30 MP: 1/9
  2428 | D:3      | Noticed Terence
  2449 | D:3      | Killed Terence
  2450 | D:3      | Reached skill level 5 in Earth Magic
  2562 | D:3      | Found a sparkling altar of Nemelex Xobeh.
  2573 | D:3      | Found a burning altar of Makhleb.
  2687 | D:3      | Reached XP level 6. HP: 33/36 MP: 10/10
  2855 | D:3      | Noticed Ijyb
  2866 | D:3      | Killed from afar by Ijyb

Illustrated notes

Levels and vault maps discovered:
D:1:      erik_arrival_cave_to_civilisation [erik_arrival_cave_to_hall],
          layout_basic, ebering_ecumenical_altar_sacrificial
D:2:      layout_basic, chequers_jeans, st_stairs_13, uniq_robin,
          uniq_crazy_yiuf_cottage
D:3:      layout_loops_ring, amethyst_overflow_temple_binary, st_stairs_13,
          uniq_ijyb, uniq_terence

Skill      XL: |  1  2  3  4  5 |
---------------+----------------+-----
Conjurations   | 1 2 |  2.8
Fighting       | 1 2 |  2.8
Earth Magic    | 4 5 |  5.0
Spellcasting   | 3 |  3.2
Dodging        | |  1.5
Stealth        | |  2.1
Transmutations | |  0.7

Action                   |  1- 3 |  4- 6 || total
-------------------------+-------+-------++-------
Melee: Short sword       |    50 |    90 ||   140
       Dagger            |     4 |       ||     4
       Punch             |       |     2 ||     2
 Cast: Sandblast         |    24 |    38 ||    62
 Stab: Sleeping          |     4 |     1 ||     5
Armor: Robe              |    29 |    52 ||    81
Dodge: Dodged            |    45 |    61 ||   106

Table legend: (Time is in decaauts)
 A = Elapsed time spent in this place.
 B = Non-inter-level travel time spent in this place.
 C = Inter-level travel time spent in this place.
 D = Time resting spent in this place.
 E = Time spent auto-exploring this place.
 F = Levels seen in this place.
 G = Mean time per level.
                   A        B        C        D        E       F      G
               +--------+--------+--------+--------+--------+-----+--------+
         Total |   2896 |   2793 |    103 |    243 |   2022 |   3 |  965.3 |
       Dungeon |   2896 |   2793 |    103 |    243 |   2022 |   3 |  965.3 |
               +--------+--------+--------+--------+--------+-----+--------+

Top non-repeatable levels by time:
     D:2: 1129 daAuts
     D:1: 1080 daAuts
     D:3: 686 daAuts
